 Dungeon Crawl Stone Soup version 0.29.0-13-gc9e81de378 (webtiles) character file.

Game seed: 13872006678016186347

53 Persephone the Vexing (level 3, -5/28 HPs)
             Began as a Gnoll Arcane Marksman on Sept 10, 2022.
             Killed from afar by Natasha (6 damage)
             ... with a magic dart
             ... on level 2 of the Dungeon.
             The game lasted 00:01:43 (1376 turns).

Persephone the Vexing (Gnoll Arcane Marksman)       Turns: 1376, Time: 00:01:46

Health: -5/28      AC:  2    Str:  9    XL:     3   Next: 89%
Magic:  7/7        EV: 13    Int: 12    God:
Gold:   107        SH:  0    Dex: 14    Spells: 6/7 levels left

rFire   + . .      SeeInvis .   a - +1 sling
rCold   . . .      Faith    .   n - orb {mayhem}
rNeg    . . .      Spirit   .   g - +0 robe {rF+}
rPois   .          Reflect  .   (no helmet)
rElec   .          Harm     .   (no cloak)
rCorr   .          Rampage  .   (no gloves)
Will    .....                   (no boots)
Stlth   ++........              (no amulet)
HPRegen 0.09/turn               (no ring)
MPRegen 0.10/turn               (no ring)

@: no status effects
A: fangs 1, strong nose, distributed training
a: no special abilities


You were on level 2 of the Dungeon.
You visited 1 branch of the dungeon, and saw 2 of its levels.

You collected 107 gold pieces.

Inventory:

Hand Weapons
 a - a +1 sling (weapon)
Armour
 c - a +0 robe
 g - a +0 robe of fire resistance (worn)
 n - an orb of mayhem (worn)
Scrolls
 b - a scroll of poison
 d - 2 scrolls of immolation {unknown}
 e - 4 scrolls of identify {unknown}
 h - a scroll of noise {unknown}
 i - a scroll of teleportation {unknown}
 j - a scroll of butterflies {unknown}
 o - a scroll of torment {unknown}
 p - a scroll of enchant weapon {unknown}
Potions
 f - a potion of brilliance {unknown}
 k - a potion of haste {unknown}
 l - a potion of attraction {unknown}
 m - a potion of curing {unknown}


   Skills:
 + Level 2.7 Fighting
 + Level 1.0 Short Blades
 + Level 1.0 Long Blades
 + Level 1.0 Axes
 + Level 1.0 Maces & Flails
 + Level 1.0 Polearms
 + Level 1.0 Staves
 + Level 4.6 Ranged Weapons
 + Level 1.0 Throwing
 + Level 1.0 Armour
 + Level 4.6 Dodging
 + Level 1.0 Stealth
 + Level 1.0 Shields
 + Level 1.0 Unarmed Combat
 + Level 2.9 Spellcasting
 + Level 0.7 Conjurations
 + Level 5.4 Hexes
 + Level 0.7 Summonings
 + Level 0.7 Necromancy
 + Level 0.7 Translocations
 + Level 0.7 Transmutations
 + Level 0.7 Fire Magic
 + Level 0.7 Ice Magic
 + Level 0.7 Air Magic
 + Level 0.7 Earth Magic
 + Level 0.7 Poison Magic
 + Level 1.1 Invocations
 + Level 1.0 Evocations


You had 6 spell levels left.
You knew the following spells:

 Your Spells              Type           Power      Damage    Failure   Level
a - Slow                  Hex            56%        N/A       2%          1

Your spell library contained the following spells:

 Spells                   Type           Power      Damage    Failure   Level
 Inner Flame              Hex/Fire       9%         N/A       21%         3
 Portal Projectile        Hex/Tloc       18%        N/A       21%         3
 Cause Fear               Hex            7%         N/A       26%         4


Dungeon Overview and Level Annotations

Branches:
Dungeon (2/15)

Altars:

Annotations:
D:2 Natasha


Innate Abilities, Weirdness & Mutations

You have very sharp teeth.
Your uncanny sense of smell can sniff out nearby items.
Your experience applies equally to all skills.


Message History

Aim: Natasha (lightly wounded, slow, 53% to hit)
You shoot a sling bullet.
The sling bullet closely misses Natasha.
Natasha claws you.
Fire: a) +1 sling
Press: ? - help, Shift-Dir - straight line, f/p - Natasha
Aim: Natasha (lightly wounded, slow, 53% to hit)
You shoot a sling bullet. The sling bullet barely misses Natasha.
Natasha claws you.
Fire: a) +1 sling
Press: ? - help, Shift-Dir - straight line, f/p - Natasha
Aim: Natasha (lightly wounded, slow, 53% to hit)
You shoot a sling bullet. The sling bullet barely misses Natasha.
Natasha misses you.
Fire: a) +1 sling
Press: ? - help, Shift-Dir - straight line, f/p - Natasha
Aim: Natasha (lightly wounded, slow, 53% to hit)
You shoot a sling bullet.
The sling bullet closely misses Natasha.
You are too injured to fight recklessly!
Fire: a) +1 sling
Press: ? - help, Shift-Dir - straight line, f/p - Natasha
Aim: Natasha (lightly wounded, slow, 53% to hit)
You shoot a sling bullet. The sling bullet barely misses Natasha.
Natasha claws you!
* * * LOW HITPOINT WARNING * * *
Fire: a) +1 sling
Press: ? - help, Shift-Dir - straight line, f/p - Natasha
Aim: Natasha (lightly wounded, slow, 53% to hit)
You shoot a sling bullet. The sling bullet hits Natasha.
Natasha is heavily wounded.
Natasha casts a spell.
Fire: a) +1 sling
Press: ? - help, Shift-Dir - straight line, f/p - Natasha
Aim: Natasha (heavily wounded, slow, 53% to hit)
You shoot a sling bullet. The sling bullet barely misses Natasha.
Natasha is no longer moving slowly.
Natasha casts a spell at you. The magic dart hits you.
You die...

### ####.......#### ..#####
#..####....## ......# ###
#..####...... ..###.## ##.##
#....##....## .......######.#.##
#.........## ...##........###.#
#.##......# ...##.#######.#.##
#........## ......#
##5############...# .#.####
#.h@...# #...# .#.# #.####.#
#...# ...# #########.####.# #...#
.#####......#.....#.# #...#
....##......##.##.#.#######..[###
.##.##......##.##.#.#............
.##.##...........).........^.....
.##.##......##....###............
###.##......##....#########...###


You could see Natasha and a crimson imp (summoned).

Vanquished Creatures
  Natasha (D:2)
  An adder (D:2)
  An endoplasm (D:1)
  3 goblins (D:2)
  4 hobgoblins
  A kobold (D:2)
  2 ball pythons
  4 bats (D:2)
  A frilled lizard (D:1)
  3 rats
21 creatures vanquished.

Notes
Turn   | Place    | Note
-------+----------+-------------------------------------------
     0 | D:1      | Persephone the Gnoll Arcane Marksman began the quest for
                  | the Orb.
     0 | D:1      | Reached XP level 1. HP: 17/17 MP: 4/4
   829 | D:2      | Reached XP level 2. HP: 23/23 MP: 5/5
  1088 | D:2      | Reached XP level 3. HP: 28/28 MP: 7/7
  1101 | D:2      | Noticed Natasha
  1106 | D:2      | Killed Natasha
  1107 | D:2      | Reached skill level 1 in Short Blades
  1107 | D:2      | Reached skill level 1 in Long Blades
  1107 | D:2      | Reached skill level 1 in Axes
  1107 | D:2      | Reached skill level 1 in Maces & Flails
  1107 | D:2      | Reached skill level 1 in Polearms
  1107 | D:2      | Reached skill level 1 in Staves
  1107 | D:2      | Reached skill level 1 in Throwing
  1107 | D:2      | Reached skill level 1 in Armour
  1107 | D:2      | Reached skill level 1 in Stealth
  1107 | D:2      | Reached skill level 1 in Shields
  1107 | D:2      | Reached skill level 1 in Unarmed Combat
  1107 | D:2      | Reached skill level 1 in Invocations
  1107 | D:2      | Reached skill level 1 in Evocations
  1357 | D:2      | Noticed Natasha
  1374 | D:2      | HP: 1/28 [Natasha (8)]
  1376 | D:2      | Killed from afar by Natasha

Illustrated notes

Levels and vault maps discovered:
D:1:      minmay_arrival_four_loops, layout_basic, minmay_pentomino_z2
D:2:      layout_loops_cross, uniq_natasha

Skill      XL: |  1  2  3 |
---------------+----------+-----
Short Blades   | 1 |  1.0
Long Blades    | 1 |  1.0
Axes           | 1 |  1.0
Maces & Flails | 1 |  1.0
Polearms       | 1 |  1.0
Staves         | 1 |  1.0
Throwing       | 1 |  1.0
Armour         | 1 |  1.0
Stealth        | 1 |  1.0
Shields        | 1 |  1.0
Unarmed Combat | 1 |  1.0
Invocations    | 1 |  1.1
Evocations     | 1 |  1.0
Fighting       | |  2.7
Ranged Weapons | |  4.6
Dodging        | |  4.6
Spellcasting   | |  2.9
Conjurations   | |  0.7
Hexes          | |  5.4
Summonings     | |  0.7
Necromancy     | |  0.7
Translocations | |  0.7
Transmutations | |  0.7
Fire Magic     | |  0.7
Ice Magic      | |  0.7
Air Magic      | |  0.7
Earth Magic    | |  0.7
Poison Magic   | |  0.7

Action                   || total
-------------------------++-------
 Fire: Sling             ||    76
 Cast: Slow              ||     7
Armor: Robe              ||    10
Dodge: Dodged            ||    26
